 Dungeon Crawl Stone Soup version 0.30-a0-860-g512cf1e979 (webtiles) character file.

Game seed: 4223831512272028142

8981 BubbleThief the Cleaver (level 11, -11/100 HPs)
             Began as a Hill Orc Fighter on Mar 7, 2023.
             Was a High Priest of Okawaru.
             Mangled by a slime creature (15 damage)
             ... on level 10 of the Dungeon.
             The game lasted 00:14:56 (7634 turns).

BubbleThief the Cleaver (Hill Orc Fighter)          Turns: 7634, Time: 00:14:56

Health: -11/100    AC: 16    Str: 30    XL:     11   Next: 39%
Magic:  11/12      EV: 12    Int:  8    God:    Okawaru [*****.]
Gold:   93         SH:  9    Dex: 10    Spells: 10/10 levels left

rFire   . . .      SeeInvis .    P - +2 hand axe (freeze)
rCold   . . .      Faith    .    L - +2 buckler {reflect}
rNeg    . . .      Spirit   .    v - +3 leather armour {rPois}
rPois   +          Reflect  +    q - +0 helmet
rElec   .          Rampage  .    C - +0 cloak
rCorr   .                        n - +0 pair of gloves
Will    .....                    (no boots)
Stlth   ++                       t - amulet of regeneration
HPRegen 1.16/turn                y - +6 ring of strength
MPRegen 0.13/turn                p - +4 ring of protection

@: heroic
A: no striking features
a: Renounce Religion, Heroism, Finesse, Duel


You were on level 10 of the Dungeon.
You worshipped Okawaru.
Okawaru was extremely pleased with you.
You visited 2 branches of the dungeon, and saw 11 of its levels.

You collected 356 gold pieces.
You spent 263 gold pieces at shops.

Inventory:

Hand Weapons
 P - a +2 hand axe of freezing (weapon)
Missiles
 G - 2 throwing nets (quivered)
Armour
 c - a +0 buckler
 n - a +0 pair of gloves (worn)
 q - a +0 helmet (worn)
 v - a +3 leather armour of poison resistance (worn)
 B - a +0 kite shield
 C - a +0 cloak (worn)
 L - a +2 buckler of reflection (worn)
Jewellery
 m - an amulet of reflection
 p - a +4 ring of protection (right hand)
 t - an amulet of regeneration (around neck)
 y - a +6 ring of strength (left hand)
 E - a ring of protection from cold
Wands
 w - a wand of flame (42)
 x - a wand of polymorph (5)
 K - a wand of roots (9)
Scrolls
 e - a scroll of identify
 f - 2 scrolls of blinking
 g - 3 scrolls of immolation {unknown}
 o - 8 scrolls of teleportation
 r - 3 scrolls of amnesia {unknown}
 z - a scroll of fear {unknown}
 A - 3 scrolls of enchant weapon {unknown}
 D - 3 scrolls of enchant armour
 J - a scroll of magic mapping {unknown}
 N - a scroll of torment {unknown}
 O - a scroll of fog {unknown}
Potions
 b - a potion of haste
 d - 2 potions of might
 h - 3 potions of cancellation {unknown}
 j - 9 potions of curing
 k - 3 potions of mutation {unknown}
 s - 3 potions of heal wounds
 u - 2 potions of flight {unknown}
 F - a potion of ambrosia {unknown}
 H - a potion of resistance {unknown}
 I - a potion of brilliance {unknown}


   Skills:
 + Level 10.2(15.2) Fighting
 - Level 14.0(19.0) Axes
 + Level 9.3(14.3) Armour
 + Level 9.4(14.4) Shields
 - Level 2.1 Invocations


You had 10 spell levels left.
You didn't know any spells.
Your spell library contained the following spells:

 Spells                   Type           Power      Damage    Failure   Level
 Slow                     Hex            0%         N/A       47%         1
 Ensorcelled Hibernation  Hex/Ice        0%         N/A       63%         2
 Passwall                 Tmut/Erth      0%         N/A       63%         2
 Scorch                   Fire           0%         2d5       63%         2
 Confusing Touch          Hex            0%         N/A       85%         3
 Gell's Gravitas          Tloc           0%         N/A       85%         3
 Swiftness                Air            0%         N/A       85%         3
 Teleport Other           Tloc           0%         N/A       85%         3
 Vampiric Draining        Necr           0%         2d6       85%         3
 Flame Wave               Conj/Fire      0%         2d4       99%         4
 Petrify                  Tmut/Erth      0%         N/A       99%         4
 Metabolic Englaciation   Hex/Ice        0%         N/A       100%        5
 Dispersal                Tloc           0%         N/A       100%        6
 Eringya's Noxious Bog    Tmut/Pois      0%         N/A       100%        6
 Statue Form              Tmut/Erth      0%         N/A       100%        6
 Summon Forest            Summ/Tloc      Unusable   N/A       N/A         5
 Summon Cactus Giant      Summ           Unusable   N/A       N/A         6
 Summon Hydra             Summ           Unusable   N/A       N/A         7

Dungeon Overview and Level Annotations

Branches:
Dungeon (10/15)            Temple (1/1) D:6             Orc (0/2) D:9
   Lair: D:8-11

Altars:
Ashenzari
Cheibriados
Dithmenos
Fedhas
Gozag
Hepliaklqana
Makhleb
Nemelex Xobeh
Okawaru
Ru
Sif Muna
Uskayaw
Wu Jian
Yredelemnul
The Shining One
Beogh

Shops:
D:3 ?   D:5 **:?   D:6 =   D:8 *???


Message History

You kill the slime creature!
Okawaru accepts your kill.
You hit the slime creature but do no damage.
You barely miss the large slime creature.
The large slime creature closely misses you.
The slime creature hits you but does no damage.
You hit the large slime creature. You freeze the large slime creature.
The large slime creature is almost dead.
You hit the slime creature. You freeze the slime creature.
Unknown command.
You slash the large slime creature! You freeze the large slime creature.
The large slime creature is almost dead.
You slash the slime creature! You freeze the slime creature.
A large slime creature splits.
The slime creature hits you.
* * * LOW HITPOINT WARNING * * *
Unknown command.
You hit the slime creature. You freeze the slime creature.
The slime creature is almost dead.
You hit the slime creature. You freeze the slime creature.
You barely miss the slime creature. The slime creature closely misses you.
The slime creature hits you!
* * * LOW HITPOINT WARNING * * *
Unknown command.
You slash the slime creature! You freeze the slime creature.
You kill the slime creature!
Okawaru accepts your kill.
You hit the slime creature. You freeze the slime creature.
You hit the slime creature. You freeze the slime creature.
You kill the slime creature!
Okawaru accepts your kill.
You barely miss the slime creature.
The slime creature is severely wounded.
The slime creature hits you!
* * * LOW HITPOINT WARNING * * *
You hit the slime creature. You freeze the slime creature.
The slime creature is severely wounded.
You hit the slime creature. You freeze the slime creature.
The slime creature is almost dead.
The slime creature hits you!
You die...

#. #. .#
###.########.#
..<..........
#...........
#...........
#...).......
#...@.......
#...J.......
#...........
#...........
#.<.........
#...........
.............
#####.......##
#.......#


You could see a slime creature.

Vanquished Creatures
  2 two-headed ogres
  Pikel (D:8)
  4 slime creatures (D:10)
  10 yaks (D:8)
  2 wyverns
  3 steam dragons
  Eustachio (D:4)
  An acid dragon (D:9)
  A water moccasin (D:7)
  Duvessa (D:5)
  An ice beast (D:5)
  7 orc warriors
  5 centaurs
  3 lemures (D:8)
  2 kobold brigands
  A bullfrog (D:7)
  3 gnoll sergeants
  6 scorpions
  4 wights (D:9)
  Dowan (D:5)
  15 killer bees
  3 howler monkeys
  5 jellies
  A hound (D:5)
  Crazy Yiuf (D:5)
  9 orc priests
  2 gnoll boudas
  Jessica (D:3)
  4 iguanas
  Ijyb (D:4)
  A sleepcap (D:8)
  5 orc wizards
  Robin (D:3)
  24 gnolls
  5 adders
  2 white imps
  2 ufetubi
  6 worms
  A dart slug (D:5)
  31 orcs
  14 endoplasms
  A giant cockroach (D:1)
  14 goblins
  8 hobgoblins
  3 jackals
  3 quokkas
  7 ball pythons
  4 bats
  5 frilled lizards
  25 kobolds
  A rat (D:1)
264 creatures vanquished.

Vanquished Creatures (others)
  11 fungi
  8 toadstools (D:3)
19 creatures vanquished.

Grand Total: 283 creatures vanquished

Notes
Turn   | Place    | Note
-------+----------+-------------------------------------------
     0 | D:1      | BubbleThief the Hill Orc Fighter began the quest for the
                  | Orb.
     0 | D:1      | Reached XP level 1. HP: 19/19 MP: 1/1
     2 | D:1      | You fall into a shaft and drop 1 floor!
   282 | D:2      | Reached skill level 3 in Axes
   285 | D:2      | Reached XP level 2. HP: 17/27 MP: 2/2
   460 | D:1      | Reached XP level 3. HP: 20/29 MP: 3/3
  1619 | D:3      | Noticed Jessica
  1645 | D:3      | Killed Jessica
  1646 | D:3      | Reached skill level 4 in Axes
  1646 | D:3      | Reached XP level 4. HP: 24/40 MP: 4/4
  1755 | D:3      | Noticed Robin
  1778 | D:3      | Killed Robin
  1873 | D:3      | Found Oledan's Magic Scroll Shop.
  1896 | D:3      | Bought a scroll of teleportation for 36 gold pieces
  1973 | D:3      | Reached XP level 5. HP: 40/47 MP: 5/5
  2006 | D:3      | Reached skill level 5 in Axes
  2328 | D:4      | Reached XP level 6. HP: 55/55 MP: 6/6
  2366 | D:4      | Noticed Eustachio
  2408 | D:4      | Killed Eustachio
  2409 | D:4      | Reached skill level 5 in Fighting
  2409 | D:4      | Reached skill level 6 in Axes
  2530 | D:4      | Reached XP level 7. HP: 59/61 MP: 7/7
  2572 | D:4      | Noticed Ijyb
  2589 | D:4      | Killed Ijyb
  2701 | D:5      | Entered Level 5 of the Dungeon
  2701 | D:5      | Found Puosch's Magic Scroll Shop.
  2713 | D:5      | Reached skill level 5 in Shields
  2726 | D:5      | Noticed Duvessa
  2737 | D:5      | Noticed Dowan
  2746 | D:5      | Reached skill level 7 in Axes
  2798 | D:5      | Killed Duvessa
  2799 | D:5      | Reached skill level 5 in Armour
  2832 | D:5      | Killed Dowan
  2887 | D:5      | Found Vekutz's Book Boutique.
  2911 | D:5      | Reached XP level 8. HP: 55/70 MP: 8/8
  2972 | D:5      | Found Rycouk's Assorted Antiques.
  3070 | D:5      | Reached skill level 8 in Axes
  3109 | D:5      | Found a runed translucent door.
  3110 | D:5      | Noticed Crazy Yiuf
  3268 | D:5      | Found Ynageugg's General Store.
  3273 | D:5      | Bought a potion of heal wounds for 55 gold pieces
  3315 | D:5      | Found a shimmering blue altar of Sif Muna.
  3627 | D:5      | Killed Crazy Yiuf
  3695 | D:6      | Reached skill level 9 in Axes
  3763 | D:6      | Found Viucer's Jewellery Shop.
  3781 | D:6      | Found a staircase to the Ecumenical Temple.
  3842 | Temple   | Entered the Ecumenical Temple
  3850 | Temple   | Became a worshipper of Warmaster Okawaru
  3904 | D:6      | Reached XP level 9. HP: 53/78 MP: 9/9
  4639 | D:7      | Reached skill level 10 in Axes
  4980 | D:7      | Reached * piety under Okawaru
  5244 | D:8      | Found Cokk's Magic Scroll Shop.
  5247 | D:8      | Bought a scroll of blinking for 90 gold pieces
  5371 | D:8      | Noticed a two-headed ogre
  5380 | D:8      | Killed a two-headed ogre
  5381 | D:8      | Reached skill level 11 in Axes
  5418 | D:8      | Found Nebeirgh's Magic Scroll Boutique.
  5436 | D:8      | Bought a scroll of enchant armour for 82 gold pieces
  5488 | D:8      | Reached ** piety under Okawaru
  5603 | D:8      | Noticed Pikel
  5618 | D:8      | Reached XP level 10. HP: 80/88 MP: 11/11
  5650 | D:8      | Killed Pikel
  5651 | D:8      | Reached skill level 12 in Axes
  5827 | D:8      | Found Huppeth's General Store.
  5847 | D:8      | Reached *** piety under Okawaru
  6335 | D:8      | Reached **** piety under Okawaru
  6537 | D:8      | Found Zaogoy's Magic Scroll Shop.
  6584 | D:8      | Reached skill level 13 in Axes
  6713 | D:9      | Noticed a two-headed ogre
  6858 | D:9      | Killed a two-headed ogre
  6859 | D:9      | Reached XP level 11. HP: 78/97 MP: 12/12
  6900 | D:9      | Found a roughly hewn altar of Beogh.
  6900 | D:9      | Found a staircase to the Orcish Mines.
  6917 | D:9      | Reached ***** piety under Okawaru
  7109 | D:9      | Reached skill level 14 in Axes
  7172 | D:9      | Found an opulent altar of Gozag.
  7418 | D:9      | Found a basalt altar of Yredelemnul.
  7441 | D:9      | Found an ornate altar of the Wu Jian Council.
  7454 | D:9      | Reached skill level 10 in Fighting
  7602 | D:10     | Entered Level 10 of the Dungeon
  7632 | D:10     | HP: 3/100 [slime creature (9)]
  7634 | D:10     | Mangled by a slime creature

Illustrated notes

Levels and vault maps discovered:
D:1:      psy_arrival_dodecagon, layout_rooms
D:2:      layout_basic, st_stairs_2, nicolae_figureground_pulse
D:3:      cheibrodos_fertilizer, layout_rooms, serial_shops, shop, uniq_robin,
          uniq_jessica
D:4:      layout_rooms, nicolae_wormholes, uniq_ijyb, uniq_eustachio
D:5:      layout_cave_pools, nicolae_sif_muna_little_library, serial_shops,
          nicolae_shop_hallway_stairs, nicolae_shop_hallway_stairs,
          kennysheep_little_box, shop, kennysheep_crisscross, lightli_minifort,
          uniq_duvessa, uniq_crazy_yiuf_cottage
D:6:      layout_cave_pods, temple_fountains, serial_shops, nicolae_shop_trees,
          dreamdust_mushroom_princess
D:7:      layout_loops_ring
D:8:      layout_layer_cave, serial_shops, nicolae_shop_trees,
          nicolae_shop_advertising_works [nicolae_subvault_shop_adworks],
          nicolae_stop_n_shop_1, shop_scrolls, uniq_pikel
D:9:      layout_cave_pools, nicolae_overflow_hidden_temple,
          mainiacjoe_overflow_large_starburst, david_orc_5, serial_column_ruins,
          column_ruins_hut_ruined, column_ruins_columns_plus,
          column_ruins_open_medium, column_ruins_grid_1,
          column_ruins_columns_straight
D:10:     layout_small_grid, gammafunk_ghost_spectres
Temple:   nicolae_temple_two_arcs

Skill      XL: |  1  2  3  4  5  6  7  8  9 10 11 |
---------------+----------------------------------+-----
Axes           | 3 4 5 6 7 9 11 13 14 | 14.0
Fighting       | 4 5 6 8 9 10 | 10.2
Armour         | 4 5 6 7 8 9 |  9.3
Shields        | 4 5 6 7 8 9 |  9.4
Invocations    | 2 |  2.1

Action                     |  1- 3 |  4- 6 |  7- 9 | 10-12 || total
---------------------------+-------+-------+-------+-------++-------
  Melee: War axe           |    88 |   116 |   368 |   154 ||   726
         Unarmed           |       |       |    11 |       ||    11
         Hand axe          |       |       |       |   183 ||   183
 Invoke: Heroism           |       |       |     1 |     1 ||     2
  Evoke: Wand              |       |       |     2 |       ||     2
    Use: Scroll            |       |       |       |     4 ||     4
 Armour: Scale mail        |    56 |    46 |       |       ||   102
         Leather armour    |       |     5 |   201 |   111 ||   317
         Skin              |       |       |     5 |       ||     5
  Dodge: Dodged            |    39 |    52 |   160 |   144 ||   395
  Block: Buckler           |    22 |    26 |    27 |    76 ||   151
         Kite shield       |       |       |   103 |    63 ||   166

Table legend: (Time is in decaauts)
 A = Elapsed time spent in this place.
 B = Non-inter-level travel time spent in this place.
 C = Inter-level travel time spent in this place.
 D = Time resting spent in this place.
 E = Time spent auto-exploring this place.
 F = Levels seen in this place.
 G = Mean time per level.
                   A        B        C        D        E       F      G
               +--------+--------+--------+--------+--------+-----+--------+
         Total |   7722 |   7394 |    328 |     60 |   5503 |  11 |  702.0 |
       Dungeon |   7705 |   7384 |    321 |     60 |   5503 |  10 |  770.5 |
        Temple |     16 |      9 |      7 |      0 |      0 |   1 |   16.0 |
               +--------+--------+--------+--------+--------+-----+--------+

Top non-repeatable levels by time:
     D:8: 1566 daAuts
     D:2: 1014 daAuts
     D:5: 961 daAuts
     D:6: 898 daAuts
     D:9: 784 daAuts
     D:3: 716 daAuts
     D:7: 685 daAuts
     D:4: 579 daAuts
     D:1: 476 daAuts
    D:10: 21 daAuts
  Temple: 16 daAuts
